 Dungeon Crawl Stone Soup version 0.27.1 (webtiles) character file.

Game seed: 9993425021294583310

9256 Rrauwl the Blocker (level 11, -4/48 HPs)
             Began as a Gargoyle Fighter on Aug 16, 2021.
             Was a High Priest of Vehumet.
             Killed from afar by a starcursed mass (5 damage)
             ... with an accursed screaming
             ... on level 3 of the Abyss on Aug 20, 2021.
             The game lasted 01:04:36 (10170 turns).

Rrauwl the Blocker (Gargoyle Fighter)              Turns: 10170, Time: 01:04:37

Health: -4/48      AC: 24    Str: 13 (16) XL:     11   Next: 43%
Magic:  11/11      EV:  5    Int:  9 (10) God:    Vehumet [*****.]
Gold:   297        SH: 11    Dex:  4 (12) Spells: 9/14 levels left

rFire    . . .     SeeInvis +   r - +0 whip (elec)
rCold    . . .     Faith    .   c - +0 kite shield
rNeg     + . .     Spirit   .   j - +4 chain mail
rPois    ∞         Reflect  .   a - +2 helmet {Int+3}
rElec    +         Harm     .   K - +2 cloak
rCorr    .         Rampage  .   J - +0 pair of gloves
Will     .....     Rnd*Rage +   (no boots)
Stlth    ..........             n - amulet of regeneration
HPRegen  0.00/turn              v - ring of see invisible
MPRegen  0.12/turn              G - +6 ring of dexterity

@: corroded, unable to read, inhibited regen, studying Short Blades
A: sickness immunity, AC +8, negative energy resistance 1, electricity
resistance, torment resistance 1, petrification resistance, inability to read
while threatened, MP-powered wands, [berserk 2], [clumsy 2], deterioration
1[+1], [dopey 2], [frail 2], [low mp 2], [inhibited regeneration], [weak 2]
a: Renounce Religion


You were on level 3 of the Abyss.
You worshipped Vehumet.
Vehumet was extremely pleased with you.
You visited 2 branches of the dungeon, and saw 11 of its levels.
You visited the Abyss 1 time.

You collected 410 gold pieces.
You spent 113 gold pieces at shops.

Inventory:

Hand Weapons
 b - a +1 whip of flaming
 d - a +0 shortbow
 h - a +3 morningstar
 q - a +0 hand crossbow
 r - a +0 whip of electrocution (weapon)
 C - a +2 quarterstaff of draining
 H - a +0 mace of protection
Missiles
 e - 8 datura-tipped darts (quivered)
 f - 77 poisoned darts
 l - 187 arrows
 p - 112 bolts
 u - 4 throwing nets
 B - 2 curare-tipped darts
 D - 7 atropa-tipped darts
Armour
 a - a +2 helmet of intelligence (worn)
 c - a +0 kite shield (worn)
 j - a +4 chain mail (worn)
 s - a +1 ring mail of cold resistance
 F - the +11 scale mail "Peareliu" {Drain Dex+5}
   (You found it on level 8 of the Dungeon)

   Dex:       It affects your dexterity (+5).
   Drain:     It drains your maximum health when unequipped.
 J - a +0 pair of gloves (worn)
 K - a +2 cloak (worn)
 L - the -5 pair of boots of the Poles {rC+ Regen+ Dex-2}
   (You found it on level 2 of the Abyss)

   Dex:       It affects your dexterity (-2).
   rC:        It protects you from cold.
   Regen:     It increases your rate of health regeneration.
Magical Staves
 A - a staff of cold
Jewellery
 n - an amulet of regeneration (around neck)
 v - a ring of see invisible (left hand)
 x - an amulet of guardian spirit
 G - a +6 ring of dexterity (right hand)
Wands
 k - a wand of digging (4)
 m - a wand of iceblast (11)
 o - a wand of polymorph (6)
 E - a wand of mindburst (9)
Scrolls
 g - a scroll of enchant weapon
 i - 8 scrolls of identify
 y - 2 scrolls of magic mapping
 I - a scroll of amnesia
 O - a scroll of blinking
Potions
 t - 5 potions of attraction
 z - a potion of flight
 N - a potion of invisibility
Miscellaneous
 M - a lightning rod (inert)


   Skills:
 - Level 4.0 Fighting
 + Level 11.3 Maces & Flails
 - Level 2.0 Throwing
 - Level 4.0 Armour
 - Level 2.0 Dodging
 - Level 2.0 Stealth
 + Level 12.6 Shields
 - Level 2.0 Spellcasting
 - Level 4.0 Earth Magic
 - Level 2.0 Evocations


You had 9 spell levels left.
You knew the following spells:

 Your Spells              Type           Power      Damage    Failure   Level
a - Lee's Rapid Deconstr  Erth           4%         3d6*      100%        5

Your spell library contained the following spells:

 Spells                   Type           Power      Damage    Failure   Level
 Shock                    Conj/Air       0%         1d3       95%         1
 Poisonous Vapours        Pois/Air       0%         N/A       98%         2
 Beastly Appendage        Tmut           0%         N/A       100%        1
 Sting                    Tmut/Pois      0%         1d3       100%        1
 Blink                    Tloc           N/A        N/A       100%        2
 Wereblood                Tmut           0%         N/A       100%        2
 Lesser Beckoning         Tloc           0%         N/A       100%        3
 Spider Form              Tmut/Pois      0%         N/A       100%        3
 Swiftness                Air            0%         N/A       100%        3
 Airstrike                Air            0%         N/A       100%        4
 Animate Dead             Necr           0%         N/A       100%        4
 Leda's Liquefaction      Hex/Erth       2%         N/A       100%        4
 Olgreb's Toxic Radiance  Pois           0%         N/A       100%        4
 Bolt of Magma            Conj/Fire/Erth 1%         4d4       100%        5
 Manifold Assault         Tloc           0%         N/A       100%        5
 Summon Forest            Summ/Tloc      0%         N/A       100%        5
 Summon Mana Viper        Hex/Summ       0%         N/A       100%        5
 Shadow Creatures         Summ           N/A        N/A       100%        6
 Haunt                    Necr/Summ      0%         N/A       100%        7
 Infestation              Necr           0%         N/A       100%        8
 Statue Form              Tmut/Erth      Unusable   N/A       N/A         6

Dungeon Overview and Level Annotations

Branches:
Dungeon (10/15)            Temple (1/1) D:4
   Lair: D:8-11         Orc: D:9-12

Altars:
Ashenzari
Cheibriados
Dithmenos
Elyvilon
Fedhas
Gozag
Hepliaklqana
Kikubaaqudgha
Makhleb
Nemelex Xobeh
Okawaru
Qazlal
Ru
Sif Muna
Trog
Uskayaw
Vehumet
Wu Jian
Xom
Yredelemnul
Zin
The Shining One

Shops:
D:2 *   D:7 :(   D:8 *

Annotations:
D:6 6 runed translucent doors, Acheron's ghost, novice TrEn; flestrin's ghost, novice DrCj


Innate Abilities, Weirdness & Mutations

You are immune to sickness and miasma.
Your stone body is resilient. (AC +8)
You are immune to poison.
You resist negative energy. (rN+)
You are resistant to electric shocks. (rElec)
You are resistant to unholy torment.
You are immune to petrification.
You sometimes lose the ability to read scrolls when taking damage.
You expend magic power (3 MP) to strengthen your wands.
[You often lose your temper in combat.]
[You are very clumsy. (Dex -4)]
[Your body often deteriorates upon taking damage.]
[You are very dopey. (Int -4)]
[You are very frail. (-20% HP)]
[Your magical capacity is very low. (-20% MP)]
[You do not regenerate when monsters are visible.]
[You are very weak. (Str -4)]


Message History

A ynoxinul comes into view.
A starcursed mass comes into view.
A starcursed mass splits.
A starcursed mass splits.
A chorus of shrieks assaults your mind.
Your body deteriorates!
You feel clumsy.
A starcursed mass splits.
Found a cloak.
A starcursed mass splits.
A chorus of shrieks assaults your mind.
You feel threatened and lose the ability to read scrolls!
Your body deteriorates!
You feel weakened.
A starcursed mass splits.
The rust devil hits you. The rust devil corrodes you!
You can read scrolls again.
You are no longer corroded.
A starcursed mass splits.
The starcursed mass shrieks in your mind.
You feel threatened and lose the ability to read scrolls!
Your body deteriorates!
You feel weakened.
A starcursed mass splits.
You cannot read scrolls in your current state!
The rust devil hits you. The rust devil corrodes you!
The rust devil barely misses you.
A starcursed mass splits.
The rust devil completely misses you. A chorus of shrieks assaults your mind.
* * * LOW HITPOINT WARNING * * *
Your body deteriorates!
You feel clumsy.
A white imp comes into view.
The white imp shouts, "Despair, thou peaked sow-suckled pigeon-egg!"
The white imp gestures at you.
The puff of frost hits you but does no damage.
You block the starcursed mass's attack. The white imp gestures at you.
The puff of frost hits you!
* * * LOW HITPOINT WARNING * * *
The white imp gestures at you. You block the puff of frost.
The white imp gestures at you. The puff of frost misses you.
The starcursed mass shrieks in your mind.
You die...

#.#.
#....#...[## ...
#..#.##....# ..
####. ...X.##.#
.###.###......
..# .
.......###.##.
.#.#..
#..##.##X#
.#.#4#.# #.5..X#
X##.#.#.
#.#.##.4##.##..#
#.##
#....@##.#..###
# # #
#...#..##....##
# # ..
#.###.#### # #.
#..# .. # #### 3
# .


You could see a starcursed mass, a rust devil and a white imp.

Vanquished Creatures
  A deep elf annihilator (D:10)
  Harold (D:9)
  Pikel (D:5)
  A manticore (D:10)
  The ghost of MirrMurr the Skirmisher, a novice GrHu of Gozag (D:8)
  Maurice (D:8)
  A hornet (D:9)
  Prince Ribbit (D:6)
  A shadow (D:10)
  A small abomination (Abyss:2)
  Grum (D:8)
  A vampire mosquito (D:10)
  Menkaure (D:7)
  A water moccasin (D:6)
  2 orc warriors
  A sky beast (D:7)
  3 ice beasts
  A hornet zombie (D:6)
  A necrophage (D:6)
  3 ogres
  3 wolves (D:8)
  5 centaurs
  A lemure (D:5)
  A phantom (D:4)
  3 kobold brigands
  3 wyvern zombies
  2 scorpions
  4 water moccasin zombies
  A wyvern skeleton (D:7)
  3 killer bees (D:8)
  3 howler monkeys
  6 bullfrog zombies
  11 centaur zombies
  5 quasits (D:8)
  A hound (D:6)
  2 jellies
  2 bullfrog skeletons
  5 orc priests
  4 centaur skeletons
  2 gnoll shamans
  Ijyb (D:5)
  4 iguanas
  An iron imp (Abyss:2)
  10 orc wizards
  3 killer bee zombies (D:6)
  3 howler monkey zombies
  3 adders
  16 gnolls
  4 white imps
  2 ufetubi
  3 worms (D:3)
  A dart slug (D:4)
  28 orcs
  11 bats
  4 endoplasms
  9 goblins
  11 hobgoblins
  3 jackals (D:1)
  2 quokkas
  3 ball pythons
  4 frilled lizards
  22 kobolds
  10 rats
250 creatures vanquished.

Vanquished Creatures (collateral kills)
  A killer bee zombie (D:6)
1 creature vanquished.

Vanquished Creatures (others)
  An ogre (D:6)
1 creature vanquished.

Grand Total: 252 creatures vanquished

Notes
Turn   | Place    | Note
-------+----------+-------------------------------------------
     0 | D:1      | Rrauwl the Gargoyle Fighter began the quest for the Orb.
     0 | D:1      | Reached XP level 1. HP: 14/14 MP: 1/1
    97 | D:1      | Reached XP level 2. HP: 18/19 MP: 2/2
   538 | D:1      | Found a faded altar of an unknown god.
   548 | D:1      | Became a worshipper of Vehumet
   548 | D:1      | Reached * piety under Vehumet
   548 | D:1      | Offered knowledge of Shock by Vehumet.
   637 | D:1      | Reached skill level 1 in Stealth
   680 | D:1      | Reached XP level 3. HP: 15/23 MP: 3/3
  1667 | D:2      | Found Agis's Assorted Antiques.
  1808 | D:2      | Reached ** piety under Vehumet
  1840 | D:2      | Bought a scroll labelled LUJAMUTACH for 25 gold pieces
  1840 | D:2      | Bought a scroll labelled FEGUCADDUAPAA for 25 gold pieces
  2072 | D:3      | Offered knowledge of Freeze by Vehumet.
  2161 | D:3      | Reached XP level 4. HP: 22/29 MP: 4/4
  2172 | D:3      | Reached skill level 1 in Throwing
  2387 | D:3      | Found a bloodstained altar of Trog.
  2387 | D:3      | Noticed a moth of wrath
  2747 | D:3      | Found a blossoming altar of Fedhas.
  3220 | D:4      | Found a staircase to the Ecumenical Temple.
  3220 | D:4      | Noticed a centaur
  3404 | D:4      | Found a burning altar of Makhleb.
  3420 | D:4      | Noticed a scorpion
  3426 | D:4      | Killed a scorpion
  3427 | D:4      | Reached skill level 1 in Dodging
  3427 | D:4      | Reached XP level 5. HP: 33/33 MP: 5/5
  3581 | D:4      | Killed a centaur
  3582 | D:4      | Reached skill level 4 in Shields
  3582 | D:4      | Reached skill level 1 in Evocations
  3582 | D:4      | Reached XP level 6. HP: 35/38 MP: 6/6
  3848 | Temple   | Entered the Ecumenical Temple
  4140 | D:4      | You fall into a shaft and drop 2 floors!
  4190 | D:6      | Noticed a necrophage
  4220 | D:6      | Reached XP level 7. HP: 43/43 MP: 7/7
  4229 | D:6      | Offered knowledge of Frozen Ramparts by Vehumet.
  4230 | D:6      | Reached skill level 5 in Shields
  4298 | D:6      | Reached *** piety under Vehumet
  4304 | D:6      | Found a runed translucent gate.
  4304 | D:6      | Found a runed translucent gate.
  4304 | D:6      | Found a runed translucent gate.
  4304 | D:6      | Noticed flestrin's ghost (novice DrCj)
  4306 | D:6      | Found a basalt altar of Yredelemnul.
  4325 | D:6      | Found an iron altar of Okawaru.
  4380 | D:7      | Noticed Prince Ribbit
  4389 | D:7      | Noticed Menkaure
  4395 | D:7      | Reached skill level 5 in Maces & Flails
  4395 | D:7      | Reached skill level 6 in Shields
  4395 | D:7      | Reached XP level 8. HP: 46/48 MP: 8/8
  4433 | D:5      | Entered Level 5 of the Dungeon
  4474 | D:5      | Noticed Ijyb
  4484 | D:5      | Killed Ijyb
  4620 | D:5      | Offered knowledge of Fulminant Prism by Vehumet.
  4682 | D:5      | Reached skill level 7 in Shields
  4692 | D:5      | Reached skill level 1 in Spellcasting
  4816 | D:5      | Noticed Pikel
  4844 | D:5      | Killed Pikel
  4845 | D:5      | Reached skill level 8 in Shields
  4845 | D:5      | Reached XP level 9. HP: 43/52 MP: 9/12
  5820 | D:6      | Reached **** piety under Vehumet
  5839 | D:6      | Reached skill level 9 in Shields
  5876 | D:6      | Offered knowledge of Iskenderun's Battlesphere by Vehumet.
  6328 | D:6      | Reached skill level 10 in Shields
  6394 | D:6      | Found a runed translucent gate.
  6395 | D:6      | Found a runed translucent gate.
  6395 | D:6      | Found a runed translucent gate.
  6402 | D:6      | Reached XP level 10. HP: 56/56 MP: 13/13
  6405 | D:6      | Noticed Acheron's ghost (novice TrEn)
  6615 | D:6      | Killed Prince Ribbit
  6797 | D:7      | Killed Menkaure
  6797 | D:7      | Reached ***** piety under Vehumet
  6922 | D:7      | Found Jodanez's Book Emporium.
  6991 | D:7      | Found a glowing silver altar of Zin.
  6991 | D:7      | Noticed an angel
  7081 | D:7      | Found Caerento's Weapon Shop.
  7178 | D:8      | Noticed MirrMurr's ghost (novice GrHu)
  7195 | D:8      | Found a transporter.
  7328 | D:8      | Noticed Maurice
  7351 | D:8      | Noticed Grum
  7358 | D:8      | Killed Maurice
  7369 | D:8      | Killed Grum
  7370 | D:8      | Reached skill level 11 in Shields
  7388 | D:8      | Offered knowledge of Lee's Rapid Deconstruction by Vehumet.
  7411 | D:8      | Learned a level 5 spell: Lee's Rapid Deconstruction
  7541 | D:8      | Reached skill level 10 in Maces & Flails
  7631 | D:8      | Found Atomoydo's CLEARANCE SALE! EVERYTHING MUST GO!.
  7639 | D:8      | Bought a book of Changes for 54 gold pieces
  7639 | D:8      | Bought a scroll of teleportation for 9 gold pieces
  7658 | D:8      | Found a transporter.
  7858 | D:8      | Identified the +11 scale mail "Peareliu" {Drain Dex+5}
  8087 | D:8      | Upgraded the game from 0.27.0-1-g7a089689b8 to 0.27.1
  8225 | D:8      | Killed MirrMurr's ghost
  8402 | D:9      | Found a shimmering blue altar of Sif Muna.
  8403 | D:9      | Noticed Harold
  8469 | D:9      | Killed Harold
  8470 | D:9      | Reached XP level 11. HP: 54/61 MP: 14/14
  8578 | D:9      | Gained mutation: [Your body sometimes deteriorates upon
                  | taking damage.] [potion of mutation]
  8578 | D:9      | Gained mutation: You sometimes lose the ability to read
                  | scrolls when taking damage. [potion of mutation]
  8578 | D:9      | Gained mutation: You expend magic power (3 MP) to
                  | strengthen your wands. [potion of mutation]
  8769 | D:9      | Found a sparkling altar of Nemelex Xobeh.
  8769 | D:9      | Found a transporter.
  8770 | D:9      | Noticed a deep elf pyromancer
  8804 | D:9      | Identified the +1 scale mail of a bazaar {-Tele Regen+
                  | Str+8 Slay-6}
  9114 | D:10     | Entered Level 10 of the Dungeon
  9151 | D:10     | Noticed a deep elf annihilator
  9151 | D:10     | Noticed a wizard
  9271 | D:10     | Reached skill level 12 in Shields
  9433 | D:10     | Found a white marble altar of Elyvilon.
  9461 | D:10     | Noticed a manticore
  9485 | D:10     | Killed a manticore
  9573 | D:10     | Killed a deep elf annihilator
  9683 | D:10     | Cast into level 2 of the Abyss (a wizard)
  9684 | Abyss:2  | Found a corrupted altar of Lugonu.
  9717 | Abyss:2  | Noticed a wretched star
  9726 | Abyss:2  | Found a corrupted altar of Lugonu.
  9797 | Abyss:2  | Noticed a rakshasa
  9823 | Abyss:2  | Identified the -5 pair of boots of the Poles {rC+ Regen+
                  | Dex-2}
  9838 | Abyss:2  | Noticed a wretched star
  9923 | Abyss:2  | Noticed a thrashing horror
  9923 | Abyss:2  | Noticed a sixfirhy
  9923 | Abyss:2  | Noticed a thrashing horror
  9982 | Abyss:2  | Noticed a worldbinder
  9989 | Abyss:2  | Noticed a spatial maelstrom
  9994 | Abyss:2  | Noticed a bog body
  9997 | Abyss:2  | Noticed a bog body
  9998 | Abyss:2  | Noticed a bog body
 10005 | Abyss:2  | Found a corrupted altar of Lugonu.
 10115 | Abyss:3  | Noticed a starcursed mass
 10136 | Abyss:3  | Noticed a starcursed mass
 10167 | Abyss:3  | HP: 1/48 [white imp/puff of frost (10)]
 10170 | Abyss:3  | Killed from afar by a starcursed mass

Illustrated notes

Levels and vault maps discovered:
D:1:      mrwooster_arrival_statue_2, layout_basic,
          hellmonk_ecumenical_altar_slurped_away, grunt_decor_resistance,
          minmay_misc_feat_chi
D:2:      layout_rooms, serial_shops, nicolae_lakefront_shop,
          minmay_pentomino_r2
D:3:      layout_basic, lemuel_doored_altar, tgw_trog
D:4:      layout_cave_pools, nicolae_overflow_hidden_temple,
          minmay_temple_entry_statues, kennysheep_opposing_triangles
D:5:      layout_loops_ring, uniq_pikel, uniq_ijyb
D:6:      layout_rooms, okawaru_gym_becter, nicolae_yredelemnul_ghost_church,
          serial_undead, serial_undead_a, serial_undead_a, serial_undead_c,
          serial_undead_a, serial_undead_a, serial_undead_d,
          gammafunk_ghost_necromancy
D:7:      layout_cave_pools, zin_angel, serial_shops, nicolae_lakefront_shop,
          shop, grunt_ministairs_9, uniq_menkaure, uniq_prince_ribbit1
D:8:      layout_basic, gammafunk_ghost_stat_death, nicolae_shop_clearance,
          uniq_grum, uniq_maurice
D:9:      layout_gridville, mainiacjoe_overflow_boulevard,
          grunt_nemelex_the_gamble, uniq_harold
D:10:     cheibrodos_wizards_tower, layout_irregular_city, lair_entry_dummy,
          minmay_ruined_shrine
Temple:   eino_narrow_crystal_temple
Abyss:3:  base:
D:3

Skill      XL: |  1  2  3  4  5  6  7  8  9 10 11 |
---------------+----------------------------------+-----
Stealth        | 1 2 |  2.0
Throwing       | 1 2 |  2.0
Dodging        | 1 2 |  2.0
Fighting       | 4 |  4.0
Maces & Flails | 3 5 6 8 10 11 | 11.3
Armour         | 4 |  4.0
Shields        | 4 6 8 10 11 12 | 12.6
Evocations     | 1 2 |  2.0
Spellcasting   | 2 |  2.0
Earth Magic    | 3 4 |  4.0

Action                   |  1- 3 |  4- 6 |  7- 9 | 10-12 || total
-------------------------+-------+-------+-------+-------++-------
Melee: Flail             |   171 |       |       |       ||   171
       Whip              |    31 |   163 |   612 |   874 ||  1680
       Unarmed           |       |       |     7 |       ||     7
Throw: Dart              |       |       |     1 |       ||     1
Evoke: Wand              |       |       |     3 |     2 ||     5
       Lightning rod     |       |       |       |     4 ||     4
  Use: Potion            |     5 |     3 |     4 |     8 ||    20
       Scroll            |     4 |     5 |     1 |     6 ||    16
Armor: Scale mail        |   112 |       |       |       ||   112
       Chain mail        |    33 |   107 |   348 |   564 ||  1052
       Skin              |       |       |     1 |       ||     1
Dodge: Dodged            |    86 |    37 |   134 |   202 ||   459
Block: Kite shield       |   146 |    68 |   318 |   513 ||  1045
